 Dungeon Sprint DCSS version 0.21.1-1-g345015f (webtiles) character file.

613 Fang the Fighter (level 7, -11/78 HPs)
             Began as a Gargoyle Berserker on July 22, 2018.
             Was the Champion of Trog.
             Mangled by a deep troll (23 damage)
             ... in the Dungeon (Sprint VII: "The Pits").
             The game lasted 00:01:42 (656 turns).

Fang the Fighter (Gargoyle Berserker)                Turns: 656, Time: 00:01:42

Health: -11/78     AC:  7    Str: 27    XL:     7   Next: 44%
Magic:  2/2        EV: 14    Int:  8    God:    Trog [******]
Gold:   0          SH:  0    Dex:  9    Spells: 6/6 levels left

rFire    . . .     SeeInvis .   o - +4 battleaxe (antimagic)
rCold    . . .     Gourm    .   (shield currently unavailable)
rNeg     + . .     Faith    .   b - +0 animal skin
rPois    ∞         Spirit   .   (no helmet)
rElec    +         Reflect  .   (no cloak)
rCorr    .         Harm     .   (no gloves)
MR       .....     NoTele   +   (no boots)
Stlth    ..........             (no amulet)
HPRegen  0.23/turn              (no ring)
MPRegen  0.08/turn              (no ring)

@: berserking, very quick
A: negative energy resistance 1, electricity resistance, unbreathing,
petrification resistance, rot immunity, AC +4
a: Berserk, Trog's Hand, Brothers in Arms, Burn Spellbooks, Renounce Religion


You were in the Dungeon.
You worshipped Trog.
Trog was exalted by your worship.
You were hungry.

You visited 1 branch

Inventory:

Hand Weapons
 j - a +2 hand axe
 m - a +0 hand axe of freezing
 o - a +4 antimagic battleaxe (weapon)
Armour
 b - a +0 animal skin (worn)
Scrolls
 i - a scroll of blinking
 k - 3 scrolls of remove curse
 l - a scroll of summoning
Potions
 a - 2 potions of invisibility
 d - 6 potions of curing
 e - 6 potions of heal wounds
 f - a potion of haste
 g - 4 potions of magic
 h - 3 potions of berserk rage
Comestibles
 c - 9 rations
 n - 3 chunks of flesh


   Skills:
 + Level 10.2 Fighting
 + Level 9.9 Axes
 + Level 5.0 Armour
 + Level 5.5 Dodging


You had 6 spell levels left.
You didn't know any spells.

Dungeon Overview and Level Annotations

Branches:
Dungeon (1/1)

Altars:
Cheibriados
Dithmenos
Elyvilon
Fedhas
Gozag
Hepliaklqana
Makhleb
Nemelex Xobeh
Okawaru
Qazlal
Ru
Sif Muna
Trog
Vehumet
Wu Jian
Xom
Yredelemnul
Zin
The Shining One
Beogh
Jiyva
Lugonu


Innate Abilities, Weirdness & Mutations

You are resistant to torment.
Your stone body is resilient. (AC +4)
You are immune to poison.
You resist negative energy. (rN+)
You are resistant to electric shocks. (rElec)
You can survive without breathing.
You are immune to petrification.
You are immune to rotting.


Message History

The deep troll claws you!
* * * LOW HITPOINT WARNING * * *
The crimson imp completely misses you. The hornet closely misses you.
You slice the hornet!!
The hornet is almost dead.
You closely miss the deep troll. You slice the crimson imp!!
You feel the power of Trog in you as your rage grows.
You kill the crimson imp!
Trog accepts your kill.
Your Axes skill increases to level 9!
Your Armour skill increases to level 5!
Your Dodging skill increases to level 5!
The hornet stings you but does no damage.
The deep troll barely misses you. x3
You hit the hornet.
You kill the hornet!
Trog accepts your kill.
Your Fighting skill increases to level 10!
You have reached level 7!
You slash the deep troll! The deep troll bites you!!
You die...

#.##'#..#'###...<...#
#.#..†.....##.......#
#.#.†......##.......#
#'###########.......#
#.......#.. #########
#.###...#.######
#.#.....#.#....#
#.#...#.#'#....#
#.....#.#.@†...+
#...###.#†#T...#
#.......'.#....#
################


You could see a deep troll.

Vanquished Creatures
  A hornet (D)
  2 floating eyes (D)
  A crimson imp (D)
  2 hounds (D)
  An iron imp (D)
  An orc wizard (D)
  A worker ant (D)
  A gnoll (D)
  A river rat (D)
  2 ufetubi (D)
  2 leopard geckos (D)
  4 orcs (D)
  A bat (D)
  A giant cockroach (D)
  A hobgoblin (D)
  3 jackals (D)
  A quokka (D)
  A ball python (D)
  A frilled lizard (D)
  A leopard gecko skeleton (D)
  A rat (D)
30 creatures vanquished.

Notes
Turn   | Place    | Note
-------+----------+-------------------------------------------
     0 | D        | Fang the Gargoyle Berserker began the quest for the Orb.
     0 | D        | Reached XP level 1. HP: 14/14 MP: 1/1
    17 | D        | Reached skill level 4 in Fighting
    92 | D        | Found a bloodstained altar of Trog.
    92 | D        | Found a deep blue altar of Sif Muna.
    92 | D        | Found a viscous altar of Jiyva.
    92 | D        | Found a hazy altar of Hepliaklqana.
    92 | D        | Found an opulent altar of Gozag.
    93 | D        | Found a glowing golden altar of the Shining One.
    93 | D        | Found a glowing silver altar of Zin.
    93 | D        | Found a basalt altar of Yredelemnul.
    93 | D        | Found a shimmering altar of Xom.
    93 | D        | Found an ornate altar of the Wu Jian Council.
    93 | D        | Found a sacrificial altar of Ru.
    93 | D        | Found a stormy altar of Qazlal.
    93 | D        | Found an iron altar of Okawaru.
    93 | D        | Found a sparkling altar of Nemelex Xobeh.
    93 | D        | Found a burning altar of Makhleb.
    93 | D        | Found a blossoming altar of Fedhas.
    93 | D        | Found a white marble altar of Elyvilon.
    93 | D        | Found a shadowy altar of Dithmenos.
    93 | D        | Found a snail-covered altar of Cheibriados.
    95 | D        | Found a radiant altar of Vehumet.
    95 | D        | Found a corrupted altar of Lugonu.
    95 | D        | Found a roughly hewn altar of Beogh.
   133 | D        | Reached XP level 2. HP: 20/20 MP: 2/2
   137 | D        | Reached ** piety under Trog
   190 | D        | Noticed a floating eye
   194 | D        | Killed a floating eye
   194 | D        | Reached skill level 7 in Fighting
   194 | D        | Reached XP level 3. HP: 28/28 MP: 3/3
   194 | D        | Reached XP level 4. HP: 34/34 MP: 4/4
   194 | D        | Reached XP level 5. HP: 38/38 MP: 5/5
   253 | D        | Reached *** piety under Trog
   258 | D        | Reached **** piety under Trog
   382 | D        | Reached ***** piety under Trog
   384 | D        | Reached skill level 8 in Fighting
   488 | D        | Noticed a floating eye
   489 | D        | Paralysed by a floating eye for 2 turns
   493 | D        | Killed a floating eye
   493 | D        | Reached skill level 9 in Fighting
   493 | D        | Reached XP level 6. HP: 46/46 MP: 6/6
   512 | D        | Received a gift from Trog
   650 | D        | Noticed a hornet
   650 | D        | Noticed a deep troll
   655 | D        | Reached skill level 5 in Armour
   655 | D        | Reached skill level 5 in Dodging
   656 | D        | Killed a hornet
   656 | D        | Reached ****** piety under Trog
   656 | D        | Reached skill level 10 in Fighting
   656 | D        | Reached XP level 7. HP: 12/52 MP: 2/7
   656 | D        | Mangled by a deep troll

Skill      XL: |  1  2  3  4  5  6 |
---------------+-------------------+-----
Fighting       | 4 7 9 10 | 10.2
Axes           | 3 6 8 9 |  9.9
Dodging        | 3 4 5 |  5.5
Armour         | 3 4 5 |  5.0

Action                   |  1- 3 |  4- 6 |  7- 9 || total
-------------------------+-------+-------+-------++-------
Melee: Hand axe          |    13 |    56 |       ||    69
       Battleaxe         |       |    21 |       ||    21
Invok: Berserk           |     1 |     3 |       ||     4
  Eat: Chunk             |       |     2 |       ||     2
Armor: Animal skin       |     3 |    33 |       ||    36
Dodge: Dodged            |    14 |    53 |       ||    67
